 Seeded DCSS version 0.29-a0-923-g6e406bff71 (webtiles) character file.

Game seed: 17817871580625187770 (custom seed)

4 valliere the Shield-Bearer (level 1, 22/22 HPs)
             Began as a Troll Fighter on July 27, 2022.
             Was a Follower of Wu Jian.
             Quit the game on level 1 of the Dungeon.
             The game lasted 00:00:25 (48 turns).

valliere the Shield-Bearer (Troll Fighter)            Turns: 48, Time: 00:00:25

Health: 22/22      AC:  4    Str: 23    XL:     1   Next: 50%
Magic:  0/0        EV:  8    Int:  4    God:    Wu Jian [*.....]
Gold:   0          SH:  7    Dex:  9    Spells: 0/0 levels left

rFire   . . .      SeeInvis .     - Unarmed
rCold   . . .      Faith    .   b - +0 kite shield
rNeg    . . .      Spirit   .   a - +0 robe
rPois   .          Reflect  .   (helmet restricted)
rElec   .          Harm     .   (no cloak)
rCorr   .          Rampage  .   (gloves unavailable)
Will    .....                   (boots unavailable)
Stlth   +.........              (no amulet)
HPRegen 0.87/turn               (no ring)
MPRegen 0.07/turn               (no ring)

@: no status effects
A: large, unfitting armour, claws 3, regeneration 1, shaggy fur 1, tough skin 1
a: Renounce Religion


You were on level 1 of the Dungeon.
You worshipped Wu Jian.
Wu Jian was aware of your devotion.
You visited 1 branch of the dungeon, and saw 1 of its levels.

Inventory:

Armour
 a - a +0 robe (worn)
 b - a +0 kite shield (worn)
Potions
 c - a potion of might
 d - a potion of attraction {unknown}


   Skills:
 + Level 2.4 Fighting
 + Level 2.4 Dodging
 + Level 2.7 Shields
 * Level 2.1 Unarmed Combat


You couldn't memorise any spells.
You didn't know any spells.
Your spell library was empty.

Dungeon Overview and Level Annotations

Branches:
Dungeon (1/15)

Altars:
Wu Jian


Innate Abilities, Weirdness & Mutations

You are too large for most types of armour.
You have claws for hands.
Your natural rate of healing is unusually fast.
You are covered in fur. (AC +1)
You have tough skin. (AC +1)


Message History

You completely miss the frilled lizard. The frilled lizard barely misses you.
You barely miss the frilled lizard. You block the frilled lizard's attack.
You closely miss the frilled lizard.
The frilled lizard bites you but does no damage.
You barely miss the frilled lizard. You block the frilled lizard's attack.
The frilled lizard barely misses you.
You claw the frilled lizard!
You kill the frilled lizard!
No target in view!
No target in view!
You see here a frilled lizard corpse.
Found a metallic red potion and a scroll labelled REISOA AHESA.
Found a stone staircase leading down.
d - a metallic red potion
Found 15 gold pieces.
A rat comes into view.
Found a club.
Found a robe.
The rat barely misses you.
Found 4 poisoned darts.
The rat bites you but does no damage.
You scratch the rat.
You kill the rat!
No target in view!
No target in view!
No target in view!
No target in view!
No target in view!
A bat comes into view.
Found an escape hatch in the floor.
Found a shiny orb.
Found a faded altar of an unknown god.
There is a faded altar of an unknown god here.
You cannot tell which god this altar belongs to.
Convert to them anyway?
Uppercase [Y]es or [N]o only, please.
You cannot tell which god this altar belongs to.
Convert to them anyway?
Wu Jian accepts your prayer! The Council welcomes you!
You can now perform damaging attacks by moving towards foes.
You can now lightly attack monsters by moving around them.
Are you sure you want to abandon this character and quit the game? (Confirm with "yes".)

b.#.####..#.# . #
#. #..#.# ..
.#.####..#.# ≈..
.........#.# .≈..
.#.......#.##....≈
..................
.###.#...#.#####.
.......#...#
###.....[.#@#
...............#
#########.#.#####
#.#.# #.#.# ..#.#
###.# ..#


There were no monsters in sight!

Vanquished Creatures
  A goblin (D:1)
  2 ball pythons (D:1)
  A frilled lizard (D:1)
  A rat (D:1)
5 creatures vanquished.

Notes
Turn   | Place    | Note
-------+----------+-------------------------------------------
     0 | D:1      | valliere the Troll Fighter began the quest for the Orb.
     0 | D:1      | Reached XP level 1. HP: 22/22 MP: 0/0
    39 | D:1      | Found a faded altar of an unknown god.
    47 | D:1      | Prayed at the altar of an unknown god.
    47 | D:1      | Became a worshipper of the Wu Jian Council
    47 | D:1      | Reached * piety under Wu Jian
    48 | D:1      | Quit the game

Illustrated notes

Levels and vault maps discovered:
D:1:      dpeg_arrival_stonehenge_12_columns, layout_basic, serial_shops,
          nicolae_shop_statue_plus, basic_ecumenical_altar, serial_rivers,
          chequers_serial_rivers_micro_d, chequers_serial_rivers_micro_c,
          chequers_serial_rivers_small_3, chequers_serial_rivers_small_b,
          chequers_serial_rivers_micro_e, chequers_serial_rivers_small_3

Action                   || total
-------------------------++-------
Melee: Unarmed           ||    15
Armor: Robe              ||     3
Dodge: Dodged            ||     8
Block: Kite shield       ||     7

Table legend: (Time is in decaauts)
 A = Elapsed time spent in this place.
 B = Non-inter-level travel time spent in this place.
 C = Inter-level travel time spent in this place.
 D = Time resting spent in this place.
 E = Time spent auto-exploring this place.
 F = Levels seen in this place.
 G = Mean time per level.
                   A        B        C        D        E       F      G
               +--------+--------+--------+--------+--------+-----+--------+
         Total |     49 |     49 |      0 |      0 |      0 |   1 |   49.0 |
       Dungeon |     49 |     49 |      0 |      0 |      0 |   1 |   49.0 |
               +--------+--------+--------+--------+--------+-----+--------+

Top non-repeatable levels by time:
     D:1: 49 daAuts
